Map: Persephone LE

Players

SpaceSquid - Winner!

  • Race: Terran Terran
  • League: Platinum
  • Spawn Location: 7:00

SubN

  • Race: Zerg Zerg
  • League: Diamond
  • Spawn Location: 11:00

VOD

Have the link to the VOD?

Description

Time

  • Played on: July 31, 2025, 2:48 p.m.
  • Length: 7:03
Show
View Real Time Build Order
Export as new Build Order

SpaceSquid Terran - Winner!

Build Orders: 1/1/1, Liberator Opening 

Get SALT Encoding   

  12  0:00  SCV  
  13  0:12  SCV  
  14  0:18  Supply Depot  
  14  0:25  Refinery  
  14  0:28  SCV  
  15  0:40  SCV  
  16  0:45  Barracks  
  16  0:53  Refinery  
  16  0:55  SCV  
  17  1:06  Supply Depot  
  17  1:09  SCV  
  18  1:21  SCV  
  19  1:34  SCV  
  19  1:35  Factory  
  20  1:46  Barracks Tech Lab, SCV  
  21  1:58  SCV  
  22  2:05  Marauder  
  24  2:10  SCV  
  24  2:13  Supply Depot  
  25  2:23  Starport  
  25  2:36  Siege Tank  
  28  2:40  Orbital Command  
  28  2:42  Marine  
  29  3:03  Fusion Core  
  29  3:04  Liberator  
  32  3:06  Marine  
  35  3:13  Hellion  
  35  3:24  Supply Depot, Marine  
  36  3:34  Hellion  
  38  3:44  Marine  
  39  4:03  Marine  
  39  4:04  Supply Depot  
  39  4:08  Battlecruiser  
  46  4:15  Hellion  
  48  4:32  Marine  
  48  4:36  Hellion  
  38  5:00  Marine  
  38  5:07  Supply Depot  
  38  5:09  Hellion  
  38  5:12  Battlecruiser  
  46  5:31  Marine  
  46  5:32  Hellion  
  46  5:35  Supply Depot  
  49  5:53  Marine  
  53  6:41  Hellion, Marine  
Show
View Real Time Build Order
Export as new Build Order

SubN Zerg 

Build Orders: Hatch First 

Get SALT Encoding   

  12  0:00  Drone  
  13  0:12  Overlord  
  13  0:16  Drone  
  14  0:30  Drone x2  
  16  0:47  Hatchery  
  15  0:51  Drone  
  15  0:54  Drone  
  18  0:57  Drone  
  18  1:05  Extractor  
  17  1:13  Spawning Pool  
  17  1:16  Drone  
  17  1:20  Drone  
  18  1:27  Drone  
  19  1:42  Drone  
  20  1:49  Drone  
  21  2:00  Queen x2  
  25  2:01  Zergling x2  
  25  2:02  Zergling x2  
  27  2:11  Overlord  
  27  2:16  Overlord  
  27  2:20  Metabolic Boost  
  27  2:27  Drone  
  28  2:30  Drone  
  28  2:33  Drone x2  
  31  2:47  Hatchery  
  30  2:52  Queen  
  32  2:59  Drone x3  
  32  3:02  Drone  
  36  3:07  Drone x2  
  38  3:14  Baneling Nest  
  38  3:18  Drone x3  
  40  3:22  Overlord  
  40  3:27  Overlord  
  40  3:44  Zergling x2  
  40  3:45  Zergling x10  
  46  3:55  Queen x2  
  48  3:58  Drone  
  48  4:00  Baneling  
  48  4:01  Baneling x2  
  51  4:09  Queen  
  51  4:11  Zergling x12  
  51  4:12  Zergling x2  
  45  4:56  Spore Crawler  
  44  5:03  Drone  
  44  5:06  Queen  
  47  5:07  Queen x2  
  51  5:26  Spore Crawler  
  49  5:33  Spore Crawler  
  48  5:41  Spore Crawler  
  48  5:42  Spawning Pool  
  46  5:47  Queen  
  44  6:33  Zergling x16  
  44  6:38  Baneling x3  
  52  6:51  Spore Crawler x2  
  46  7:00  Extractor  
Tags
 
Add a new tag
Caveats
  • Supply blocks, unpowered buildings, or Contaminate may cause inaccurate times.
  • Supply counts are checked every 10 seconds.